 Dungeon Crawl Stone Soup version 0.31-a0-236-g9a0961fb85 (webtiles) character file.

Game seed: 16987893377202703935

3490 qw the Skirmisher (level 10, -5/63 HPs)
             Began as a Gargoyle Hexslinger on July 9, 2023.
             Was a Priest of Okawaru.
             Slain by Grum
             ... wielding a +0 spear
              (10 damage)
             ... on level 8 of the Dungeon.
             The game lasted 00:04:13 (5897 turns).

qw the Skirmisher (Gargoyle Hexslinger)             Turns: 5897, Time: 00:04:14

Health: -5/63      AC: 20    Str:  8    XL:     10   Next: 7%
Magic:  13/13      EV: 11    Int: 14    God:    Okawaru [***...]
Gold:   1246       SH:  0    Dex: 18    Spells: 10/11 levels left

rFire   + . .        m - +11 longbow "Lesear Qofa" {heavy, Will+ Str-4 Dex+2 SInv}
rCold   . . .        (shield currently unavailable)
rNeg    + + .        q - +1 ring mail {Will+}
rPois   inf          c - +2 helmet
rElec   +            (no cloak)
rCorr   .            (no gloves)
SInv    +            f - +2 pair of boots
Will    ++...        (no amulet)
Stlth   +            e - ring of protection from fire
HPRegen 0.30/turn    k - ring of positive energy
MPRegen 0.13/turn

%: no passive effects
@: about to teleport
A: sickness immunity, AC +7, negative energy resistance 1, electricity
resistance, torment resistance 1, petrification resistance
a: Renounce Religion, Heroism


You were on level 8 of the Dungeon.
You worshipped Okawaru.
Okawaru was most pleased with you.
You visited 2 branches of the dungeon, and saw 9 of its levels.
You also visited: Sewer.

You collected 1460 gold pieces.
You spent 214 gold pieces at shops.


Innate Abilities, Weirdness & Mutations

You are immune to sickness and miasma.
Your stone body is resilient. (AC +7)
You are immune to poison.
You resist negative energy. (rN+)
You are resistant to electric shocks. (rElec)
You are resistant to unholy torment.
You are immune to petrification.


   Skills:
 + Level 7.3 Fighting
 - Level 11.0 Ranged Weapons
 - Level 3.3 Armour
 - Level 2.9 Dodging
 - Level 1.0 Spellcasting
 - Level 2.6 Hexes
 - Level 4.1 Invocations


You had 10 spell levels left.
You knew the following spells:

 Your Spells              Type           Power      Damage    Failure   Level
a - Slow                  Hex            32%        N/A       26%         1

Your spell library contained the following spells:

 Spells                   Type           Power      Damage    Failure   Level
 Inner Flame              Hex/Fire       4%         N/A       78%         3
 Portal Projectile        Hex/Tloc       8%         N/A       78%         3
 Cause Fear               Hex            4%         N/A       94%         4

Inventory:

Hand Weapons
 m - the +11 longbow "Lesear Qofa" (weapon) {heavy, Will+ Str-4 Dex+2 SInv}
   (You acquired it on level 4 of the Dungeon)

   Str:       It affects your strength (-4).
   Dex:       It affects your dexterity (+2).
   SInv:      It lets you see invisible.
   Will:      It increases your willpower.
Armour
 c - a +2 helmet (worn)
 f - a +2 pair of boots (worn)
 q - a +1 ring mail of willpower (worn)
Jewellery
 e - a ring of protection from fire (left hand)
 k - a ring of positive energy (right hand)
Scrolls
 a - a scroll of identify
 h - a scroll of vulnerability {unknown}
 p - 2 scrolls of teleportation
Potions
 b - 3 potions of cancellation
 d - 7 potions of curing
 g - a potion of might
 i - a potion of haste
 l - a potion of enlightenment
 n - a potion of berserk rage {unknown}
 o - a potion of degeneration {unknown}
 r - a potion of heal wounds

Dungeon Overview and Level Annotations

Branches:
Dungeon (8/15)             Temple (1/1) D:4           Sewer (visited)
   Lair: D:8-11

Altars:
Ashenzari
Dithmenos
Elyvilon
Gozag
Hepliaklqana
Kikubaaqudgha
Makhleb
Okawaru
Ru
Sif Muna
Trog
Uskayaw
Vehumet
Wu Jian
Xom
Yredelemnul

Shops:
D:6 *

Annotations:
D:2 1 runed translucent door, Crazy Yiuf
D:3 2 transporters, qw's ghost, weakling GrHs
D:8 Grum


Message History

You shoot an arrow. The arrow hits the wolf!
The wolf is severely wounded.
The wolf bites you but does no damage.
Grum hits you from afar with a +0 spear!
The wight closely misses you. The wolf closely misses you.
The wight barely misses you. Grum closely misses you.
You shoot an arrow. The arrow closely misses the wolf.
The wolf closely misses you. x2; Grum barely misses you.
The wight hits you but does no damage. The wight closely misses you.
The wolf barely misses you.
You shoot an arrow. The arrow hits the wolf!!
You kill the wolf!
Okawaru accepts your kill. The wight hits you but does no damage.
Grum closely misses you. The wight hits you but does no damage.
The wight closely misses you. The wight misses you.
The wight closely misses you. The wight barely misses you.
Grum barely misses you.
You shoot an arrow. The arrow hits the wight!!
You destroy the wight!
Okawaru accepts your kill. Grum barely misses you.
The wight hits you but does no damage. The wight misses you.
The wight closely misses you.
Your base Ranged Weapons skill increases to level 11!
You shoot an arrow. The arrow hits the wight.
The wight is lightly damaged.
You feel like a meek peon again.
Grum sniffs the air and quickly glances around.
Grum hits you but does no damage. The wight misses you.
The wight completely misses you. The wight hits you but does no damage.
The wight barely misses you. x2
The wight hits you with a +3 morningstar!
Grum hits you from afar with a +0 spear.
5897 ||| READING 3 scrolls of teleportation.
As you read the scroll of teleportation, it crumbles to dust.
You feel strangely unstable. The wight closely misses you.
The wight hits you with a +3 morningstar!
The wight hits you but does no damage.
Grum hits you from afar with a +0 spear!
You die...

##. #.###.# ##
#.#####.#<..# #.
#.#.....#...# #.
#.#.##..#).## ####.
#.#.....#.[.
.....##.#..#.....##
####......#####.#
#<.z...##.# ....
##@z...+..# #.###
#....zz...#..#
###..g%......#
##.........#
#.##.###### $. #..
.#. ##.. #. ..>


You could see Grum and 4 wights.

Vanquished Creatures
  A hornet (D:7)
  A wyvern (D:6)
  6 yaks
  Pargi (Sewer)
  2 sky beasts
  An ogre (D:6)
  2 black bears
  A centaur (D:6)
  4 wolves (D:8)
  A scorpion (D:6)
  3 bullfrogs (D:7)
  9 wights
  3 killer bees (D:7)
  2 hounds (D:5)
  A jelly (D:6)
  A sleepcap (D:7)
  5 iguanas
  An orc wizard (D:5)
  Robin (D:3)
  14 adders
  2 ufetubi (D:6)
  3 worms
  A dart slug (D:1)
  7 orcs
  4 bats
  3 endoplasms
  4 giant cockroaches
  11 goblins
  10 hobgoblins
  7 jackals
  8 kobolds
  9 ball pythons
  5 frilled lizards
  A rat (D:2)
135 creatures vanquished.

Notes
Turn   | Place    | Note
-------+----------+-------------------------------------------
     0 | D:1      | qw the Gargoyle Hexslinger began the quest for the Orb.
     0 | D:1      | Reached XP level 1. HP: 12/12 MP: 2/2
     0 | D:1      | 0 ||| qw: Version: 0.3-a-51-g015441d
     0 | D:1      | 0 ||| qw: Game counter: 4378
     0 | D:1      | 0 ||| qw: Melee chars always use a shield: true
     0 | D:1      | 0 ||| qw: God list: Okawaru
     0 | D:1      | 0 ||| qw: Allow faded altars: false
     0 | D:1      | 0 ||| qw: Do Orc after clearing Dungeon:15 true
     0 | D:1      | 0 ||| qw: Do second Lair branch before Depths: true
     0 | D:1      | 0 ||| qw: Lair rune preference: random
     0 | D:1      | 0 ||| qw: Goals: Normal
     0 | D:1      | 0 ||| PLANNING D:1-11
   340 | D:1      | Reached XP level 2. HP: 16/16 MP: 3/3
   517 | D:1      | You fall into a shaft and drop 1 floor!
   519 | D:2      | 519 ||| UPGRADING to +0 leather armour.
   529 | D:2      | 529 ||| DROPPING +0 robe.
   530 | D:2      | 530 ||| UPGRADING to +1 helmet.
   535 | D:2      | 535 ||| UPGRADING to ring of protection from fire.
   536 | D:2      | 536 ||| READING 2 scrolls labelled COSIAR SITOD.
   537 | D:2      | 537 ||| READING scroll labelled CUNITI EWOA.
   538 | D:2      | 538 ||| READING scroll labelled WUYFRYV JOAH.
   542 | D:2      | 542 ||| DRINKING 2 smoky emerald potions.
   543 | D:2      | 543 ||| DROPPING scroll of poison.
   544 | D:2      | 544 ||| Stepping randomly (stuck).
   555 | D:2      | Reached skill level 3 in Ranged Weapons
   570 | D:2      | 570 ||| Stepping randomly (stuck).
   571 | D:2      | 571 ||| Stepping randomly (stuck).
   572 | D:2      | 572 ||| Stepping randomly (stuck).
   573 | D:2      | 573 ||| Stepping randomly (stuck).
   574 | D:2      | 574 ||| Stepping randomly (stuck).
   575 | D:2      | 575 ||| Stepping randomly (stuck).
   576 | D:2      | 576 ||| Stepping randomly (stuck).
   577 | D:2      | 577 ||| Stepping randomly (stuck).
   578 | D:2      | 578 ||| Stepping randomly (stuck).
   579 | D:2      | 579 ||| Stepping randomly (stuck).
   580 | D:2      | 580 ||| Stepping randomly (stuck).
   581 | D:2      | 581 ||| Stepping randomly (stuck).
   582 | D:2      | 582 ||| Stepping randomly (stuck).
   583 | D:2      | 583 ||| Stepping randomly (stuck).
   584 | D:2      | 584 ||| Stepping randomly (stuck).
   585 | D:2      | 585 ||| Stepping randomly (stuck).
   586 | D:2      | 586 ||| Stepping randomly (stuck).
   587 | D:2      | 587 ||| Stepping randomly (stuck).
   588 | D:2      | 588 ||| Stepping randomly (stuck).
   589 | D:2      | 589 ||| Stepping randomly (stuck).
   590 | D:2      | 590 ||| Stepping randomly (stuck).
   591 | D:2      | 591 ||| Stepping randomly (stuck).
   592 | D:2      | 592 ||| Stepping randomly (stuck).
   593 | D:2      | 593 ||| Stepping randomly (stuck).
   594 | D:2      | 594 ||| Stepping randomly (stuck).
   595 | D:2      | 595 ||| Stepping randomly (stuck).
   596 | D:2      | 596 ||| Stepping randomly (stuck).
   597 | D:2      | 597 ||| Stepping randomly (stuck).
   598 | D:2      | 598 ||| Stepping randomly (stuck).
   599 | D:2      | 599 ||| Stepping randomly (stuck).
   600 | D:2      | 600 ||| Stepping randomly (stuck).
   601 | D:2      | 601 ||| Stepping randomly (stuck).
   602 | D:2      | 602 ||| Stepping randomly (stuck).
   603 | D:2      | 603 ||| Stepping randomly (stuck).
   604 | D:2      | 604 ||| Stepping randomly (stuck).
   605 | D:2      | 605 ||| Stepping randomly (stuck).
   606 | D:2      | 606 ||| Stepping randomly (stuck).
   607 | D:2      | 607 ||| Stepping randomly (stuck).
   608 | D:2      | 608 ||| Stepping randomly (stuck).
   609 | D:2      | 609 ||| Stepping randomly (stuck).
   610 | D:2      | 610 ||| Stepping randomly (stuck).
   611 | D:2      | 611 ||| Stepping randomly (stuck).
   612 | D:2      | 612 ||| Stepping randomly (stuck).
   613 | D:2      | 613 ||| Stepping randomly (stuck).
   624 | D:2      | 624 ||| Stepping randomly (stuck).
   625 | D:2      | 625 ||| Stepping randomly (stuck).
   626 | D:2      | 626 ||| Stepping randomly (stuck).
   627 | D:2      | 627 ||| Stepping randomly (stuck).
   628 | D:2      | 628 ||| Stepping randomly (stuck).
   629 | D:2      | 629 ||| Stepping randomly (stuck).
   630 | D:2      | 630 ||| Stepping randomly (stuck).
   634 | D:2      | 634 ||| Stepping randomly (stuck).
   635 | D:2      | 635 ||| Stepping randomly (stuck).
   636 | D:2      | 636 ||| Stepping randomly (stuck).
   637 | D:2      | 637 ||| Stepping randomly (stuck).
   638 | D:2      | 638 ||| Stepping randomly (stuck).
   639 | D:2      | 639 ||| Stepping randomly (stuck).
   640 | D:2      | 640 ||| Stepping randomly (stuck).
   641 | D:2      | 641 ||| Stepping randomly (stuck).
   642 | D:2      | 642 ||| Stepping randomly (stuck).
   643 | D:2      | 643 ||| Stepping randomly (stuck).
   644 | D:2      | 644 ||| Stepping randomly (stuck).
   645 | D:2      | 645 ||| Stepping randomly (stuck).
   646 | D:2      | 646 ||| Stepping randomly (stuck).
   647 | D:2      | 647 ||| Stepping randomly (stuck).
   648 | D:2      | 648 ||| Stepping randomly (stuck).
   649 | D:2      | 649 ||| Stepping randomly (stuck).
   650 | D:2      | 650 ||| Stepping randomly (stuck).
   651 | D:2      | 651 ||| Stepping randomly (stuck).
   652 | D:2      | 652 ||| Stepping randomly (stuck).
   653 | D:2      | 653 ||| Stepping randomly (stuck).
   654 | D:2      | 654 ||| Stepping randomly (stuck).
   655 | D:2      | 655 ||| Stepping randomly (stuck).
   656 | D:2      | 656 ||| Stepping randomly (stuck).
   657 | D:2      | 657 ||| Stepping randomly (stuck).
   658 | D:2      | 658 ||| Stepping randomly (stuck).
   659 | D:2      | 659 ||| Stepping randomly (stuck).
   660 | D:2      | 660 ||| Stepping randomly (stuck).
   661 | D:2      | 661 ||| Stepping randomly (stuck).
   662 | D:2      | 662 ||| Stepping randomly (stuck).
   663 | D:2      | 663 ||| Stepping randomly (stuck).
   664 | D:2      | 664 ||| Stepping randomly (stuck).
   665 | D:2      | 665 ||| Stepping randomly (stuck).
   666 | D:2      | 666 ||| Stepping randomly (stuck).
   667 | D:2      | 667 ||| Stepping randomly (stuck).
   668 | D:2      | 668 ||| Stepping randomly (stuck).
   669 | D:2      | 669 ||| Stepping randomly (stuck).
   670 | D:2      | 670 ||| Stepping randomly (stuck).
   671 | D:2      | 671 ||| Stepping randomly (stuck).
   672 | D:2      | 672 ||| Stepping randomly (stuck).
   673 | D:2      | 673 ||| Stepping randomly (stuck).
   674 | D:2      | 674 ||| Stepping randomly (stuck).
   675 | D:2      | 675 ||| Stepping randomly (stuck).
   676 | D:2      | 676 ||| Stepping randomly (stuck).
   677 | D:2      | 677 ||| Stepping randomly (stuck).
   678 | D:2      | 678 ||| Stepping randomly (stuck).
   679 | D:2      | 679 ||| Stepping randomly (stuck).
   680 | D:2      | 680 ||| Stepping randomly (stuck).
   681 | D:2      | 681 ||| Stepping randomly (stuck).
   682 | D:2      | 682 ||| Stepping randomly (stuck).
   683 | D:2      | 683 ||| Stepping randomly (stuck).
   684 | D:2      | 684 ||| Stepping randomly (stuck).
   685 | D:2      | 685 ||| Stepping randomly (stuck).
   686 | D:2      | 686 ||| Stepping randomly (stuck).
   687 | D:2      | 687 ||| Stepping randomly (stuck).
   688 | D:2      | 688 ||| Stepping randomly (stuck).
   689 | D:2      | 689 ||| Stepping randomly (stuck).
   690 | D:2      | 690 ||| Stepping randomly (stuck).
   691 | D:2      | 691 ||| Stepping randomly (stuck).
   692 | D:2      | 692 ||| Stepping randomly (stuck).
   693 | D:2      | 693 ||| Stepping randomly (stuck).
   694 | D:2      | 694 ||| Stepping randomly (stuck).
   695 | D:2      | 695 ||| Stepping randomly (stuck).
   696 | D:2      | 696 ||| Stepping randomly (stuck).
   697 | D:2      | 697 ||| Stepping randomly (stuck).
   698 | D:2      | 698 ||| Stepping randomly (stuck).
   699 | D:2      | 699 ||| Stepping randomly (stuck).
   700 | D:2      | 700 ||| Stepping randomly (stuck).
   701 | D:2      | 701 ||| Stepping randomly (stuck).
   702 | D:2      | 702 ||| Stepping randomly (stuck).
   703 | D:2      | 703 ||| Stepping randomly (stuck).
   704 | D:2      | 704 ||| Stepping randomly (stuck).
   705 | D:2      | 705 ||| Stepping randomly (stuck).
   706 | D:2      | 706 ||| Stepping randomly (stuck).
   707 | D:2      | 707 ||| Stepping randomly (stuck).
   708 | D:2      | 708 ||| Stepping randomly (stuck).
   709 | D:2      | 709 ||| Stepping randomly (stuck).
   710 | D:2      | 710 ||| Stepping randomly (stuck).
   711 | D:2      | 711 ||| Stepping randomly (stuck).
   712 | D:2      | 712 ||| Stepping randomly (stuck).
   713 | D:2      | 713 ||| Stepping randomly (stuck).
   714 | D:2      | 714 ||| Stepping randomly (stuck).
   715 | D:2      | 715 ||| Stepping randomly (stuck).
   716 | D:2      | 716 ||| Stepping randomly (stuck).
   717 | D:2      | 717 ||| Stepping randomly (stuck).
   718 | D:2      | 718 ||| Stepping randomly (stuck).
   719 | D:2      | 719 ||| Stepping randomly (stuck).
   720 | D:2      | 720 ||| Stepping randomly (stuck).
   721 | D:2      | 721 ||| Stepping randomly (stuck).
   722 | D:2      | 722 ||| Stepping randomly (stuck).
   723 | D:2      | 723 ||| Stepping randomly (stuck).
   724 | D:2      | 724 ||| Stepping randomly (stuck).
   725 | D:2      | 725 ||| Stepping randomly (stuck).
   726 | D:2      | 726 ||| Stepping randomly (stuck).
   727 | D:2      | 727 ||| Stepping randomly (stuck).
   728 | D:2      | 728 ||| Stepping randomly (stuck).
   729 | D:2      | 729 ||| Stepping randomly (stuck).
   730 | D:2      | 730 ||| Stepping randomly (stuck).
   731 | D:2      | 731 ||| Stepping randomly (stuck).
   732 | D:2      | 732 ||| Stepping randomly (stuck).
   733 | D:2      | 733 ||| Stepping randomly (stuck).
   734 | D:2      | 734 ||| Stepping randomly (stuck).
   735 | D:2      | 735 ||| Stepping randomly (stuck).
   736 | D:2      | 736 ||| Stepping randomly (stuck).
   737 | D:2      | 737 ||| Stepping randomly (stuck).
   738 | D:2      | 738 ||| Stepping randomly (stuck).
   739 | D:2      | 739 ||| Stepping randomly (stuck).
   740 | D:2      | 740 ||| Stepping randomly (stuck).
   741 | D:2      | 741 ||| Stepping randomly (stuck).
   742 | D:2      | 742 ||| Stepping randomly (stuck).
   743 | D:2      | 743 ||| Stepping randomly (stuck).
   744 | D:2      | 744 ||| Stepping randomly (stuck).
   747 | D:2      | 747 ||| Stepping randomly (stuck).
   750 | D:2      | 750 ||| Stepping randomly (stuck).
   751 | D:2      | 751 ||| Stepping randomly (stuck).
   752 | D:2      | 752 ||| Stepping randomly (stuck).
   753 | D:2      | 753 ||| Stepping randomly (stuck).
   754 | D:2      | 754 ||| Stepping randomly (stuck).
   755 | D:2      | 755 ||| Stepping randomly (stuck).
   756 | D:2      | 756 ||| Stepping randomly (stuck).
   757 | D:2      | 757 ||| Stepping randomly (stuck).
   758 | D:2      | 758 ||| Stepping randomly (stuck).
   759 | D:2      | 759 ||| Stepping randomly (stuck).
   760 | D:2      | 760 ||| Stepping randomly (stuck).
   761 | D:2      | 761 ||| Stepping randomly (stuck).
   762 | D:2      | 762 ||| Stepping randomly (stuck).
   763 | D:2      | 763 ||| Stepping randomly (stuck).
   764 | D:2      | 764 ||| Stepping randomly (stuck).
   765 | D:2      | 765 ||| Stepping randomly (stuck).
   766 | D:2      | 766 ||| Stepping randomly (stuck).
   767 | D:2      | 767 ||| Stepping randomly (stuck).
   768 | D:2      | 768 ||| Stepping randomly (stuck).
   769 | D:2      | 769 ||| Stepping randomly (stuck).
   770 | D:2      | 770 ||| Stepping randomly (stuck).
   771 | D:2      | 771 ||| Stepping randomly (stuck).
   772 | D:2      | 772 ||| Stepping randomly (stuck).
   773 | D:2      | 773 ||| Stepping randomly (stuck).
   774 | D:2      | 774 ||| Stepping randomly (stuck).
   775 | D:2      | 775 ||| Stepping randomly (stuck).
   776 | D:2      | 776 ||| Stepping randomly (stuck).
   777 | D:2      | 777 ||| Stepping randomly (stuck).
   778 | D:2      | 778 ||| Stepping randomly (stuck).
   779 | D:2      | 779 ||| Stepping randomly (stuck).
   780 | D:2      | 780 ||| Stepping randomly (stuck).
   781 | D:2      | 781 ||| Stepping randomly (stuck).
   782 | D:2      | 782 ||| Stepping randomly (stuck).
   783 | D:2      | 783 ||| Stepping randomly (stuck).
   784 | D:2      | 784 ||| Stepping randomly (stuck).
   785 | D:2      | 785 ||| Stepping randomly (stuck).
   786 | D:2      | 786 ||| Stepping randomly (stuck).
   787 | D:2      | 787 ||| Stepping randomly (stuck).
   788 | D:2      | 788 ||| Stepping randomly (stuck).
   789 | D:2      | 789 ||| Stepping randomly (stuck).
   790 | D:2      | 790 ||| Stepping randomly (stuck).
   791 | D:2      | 791 ||| Stepping randomly (stuck).
   792 | D:2      | 792 ||| Stepping randomly (stuck).
   793 | D:2      | 793 ||| Stepping randomly (stuck).
   794 | D:2      | 794 ||| Stepping randomly (stuck).
   795 | D:2      | 795 ||| Stepping randomly (stuck).
   796 | D:2      | 796 ||| Stepping randomly (stuck).
   797 | D:2      | 797 ||| Stepping randomly (stuck).
   798 | D:2      | 798 ||| Stepping randomly (stuck).
   799 | D:2      | 799 ||| Stepping randomly (stuck).
   800 | D:2      | 800 ||| Stepping randomly (stuck).
   801 | D:2      | 801 ||| Stepping randomly (stuck).
   802 | D:2      | 802 ||| Stepping randomly (stuck).
   803 | D:2      | 803 ||| Stepping randomly (stuck).
   804 | D:2      | 804 ||| Stepping randomly (stuck).
   805 | D:2      | 805 ||| Stepping randomly (stuck).
   806 | D:2      | 806 ||| Stepping randomly (stuck).
   807 | D:2      | 807 ||| Stepping randomly (stuck).
   808 | D:2      | 808 ||| Stepping randomly (stuck).
   809 | D:2      | 809 ||| Stepping randomly (stuck).
   810 | D:2      | 810 ||| Stepping randomly (stuck).
   811 | D:2      | 811 ||| Stepping randomly (stuck).
   812 | D:2      | 812 ||| Stepping randomly (stuck).
   813 | D:2      | 813 ||| Stepping randomly (stuck).
   814 | D:2      | 814 ||| Stepping randomly (stuck).
   815 | D:2      | 815 ||| Stepping randomly (stuck).
   816 | D:2      | 816 ||| Stepping randomly (stuck).
   817 | D:2      | 817 ||| Stepping randomly (stuck).
   818 | D:2      | 818 ||| Stepping randomly (stuck).
   819 | D:2      | 819 ||| Stepping randomly (stuck).
   820 | D:2      | 820 ||| Stepping randomly (stuck).
   821 | D:2      | 821 ||| Stepping randomly (stuck).
   822 | D:2      | 822 ||| Stepping randomly (stuck).
   823 | D:2      | 823 ||| Stepping randomly (stuck).
   824 | D:2      | 824 ||| Stepping randomly (stuck).
   825 | D:2      | 825 ||| Stepping randomly (stuck).
   826 | D:2      | 826 ||| Stepping randomly (stuck).
   827 | D:2      | 827 ||| Stepping randomly (stuck).
   828 | D:2      | 828 ||| Stepping randomly (stuck).
   829 | D:2      | 829 ||| Stepping randomly (stuck).
   830 | D:2      | 830 ||| Stepping randomly (stuck).
   831 | D:2      | 831 ||| Stepping randomly (stuck).
   832 | D:2      | 832 ||| Stepping randomly (stuck).
   833 | D:2      | 833 ||| Stepping randomly (stuck).
   834 | D:2      | 834 ||| Stepping randomly (stuck).
   835 | D:2      | 835 ||| Stepping randomly (stuck).
   836 | D:2      | 836 ||| Stepping randomly (stuck).
   837 | D:2      | 837 ||| Stepping randomly (stuck).
   838 | D:2      | 838 ||| Stepping randomly (stuck).
   839 | D:2      | 839 ||| Stepping randomly (stuck).
   840 | D:2      | 840 ||| Stepping randomly (stuck).
   841 | D:2      | 841 ||| Stepping randomly (stuck).
   842 | D:2      | 842 ||| Stepping randomly (stuck).
   843 | D:2      | 843 ||| Stepping randomly (stuck).
   844 | D:2      | 844 ||| Stepping randomly (stuck).
   845 | D:2      | 845 ||| Stepping randomly (stuck).
   846 | D:2      | 846 ||| Stepping randomly (stuck).
   847 | D:2      | 847 ||| Stepping randomly (stuck).
   848 | D:2      | 848 ||| Stepping randomly (stuck).
   849 | D:2      | 849 ||| Stepping randomly (stuck).
   850 | D:2      | 850 ||| Stepping randomly (stuck).
   851 | D:2      | 851 ||| Stepping randomly (stuck).
   852 | D:2      | 852 ||| Stepping randomly (stuck).
   856 | D:2      | Reached XP level 3. HP: 15/20 MP: 4/4
   874 | D:2      | 874 ||| Stepping randomly (stuck).
   875 | D:2      | 875 ||| Stepping randomly (stuck).
   876 | D:2      | 876 ||| Stepping randomly (stuck).
   877 | D:2      | 877 ||| Stepping randomly (stuck).
   878 | D:2      | 878 ||| Stepping randomly (stuck).
   879 | D:2      | 879 ||| Stepping randomly (stuck).
   880 | D:2      | 880 ||| Stepping randomly (stuck).
   881 | D:2      | 881 ||| Stepping randomly (stuck).
   882 | D:2      | 882 ||| Stepping randomly (stuck).
   883 | D:2      | 883 ||| Stepping randomly (stuck).
   884 | D:2      | 884 ||| Stepping randomly (stuck).
   885 | D:2      | 885 ||| Stepping randomly (stuck).
   886 | D:2      | 886 ||| Stepping randomly (stuck).
   887 | D:2      | 887 ||| Stepping randomly (stuck).
   888 | D:2      | 888 ||| Stepping randomly (stuck).
   889 | D:2      | 889 ||| Stepping randomly (stuck).
   890 | D:2      | 890 ||| Stepping randomly (stuck).
   891 | D:2      | 891 ||| Stepping randomly (stuck).
   892 | D:2      | 892 ||| Stepping randomly (stuck).
   893 | D:2      | 893 ||| Stepping randomly (stuck).
   894 | D:2      | 894 ||| Stepping randomly (stuck).
   895 | D:2      | 895 ||| Stepping randomly (stuck).
   896 | D:2      | 896 ||| Stepping randomly (stuck).
   897 | D:2      | 897 ||| Stepping randomly (stuck).
   898 | D:2      | 898 ||| Stepping randomly (stuck).
   899 | D:2      | 899 ||| Stepping randomly (stuck).
   900 | D:2      | 900 ||| Stepping randomly (stuck).
   901 | D:2      | 901 ||| Stepping randomly (stuck).
   902 | D:2      | 902 ||| Stepping randomly (stuck).
   903 | D:2      | 903 ||| Stepping randomly (stuck).
   904 | D:2      | 904 ||| Stepping randomly (stuck).
   905 | D:2      | 905 ||| Stepping randomly (stuck).
   906 | D:2      | 906 ||| Stepping randomly (stuck).
   907 | D:2      | 907 ||| Stepping randomly (stuck).
   908 | D:2      | 908 ||| Stepping randomly (stuck).
   909 | D:2      | 909 ||| Stepping randomly (stuck).
   910 | D:2      | 910 ||| Stepping randomly (stuck).
   911 | D:2      | 911 ||| Stepping randomly (stuck).
   912 | D:2      | 912 ||| Stepping randomly (stuck).
   913 | D:2      | 913 ||| Stepping randomly (stuck).
   914 | D:2      | 914 ||| Stepping randomly (stuck).
   915 | D:2      | 915 ||| Stepping randomly (stuck).
   916 | D:2      | 916 ||| Stepping randomly (stuck).
   917 | D:2      | 917 ||| Stepping randomly (stuck).
   918 | D:2      | 918 ||| Stepping randomly (stuck).
   919 | D:2      | 919 ||| Stepping randomly (stuck).
   920 | D:2      | 920 ||| Stepping randomly (stuck).
   921 | D:2      | 921 ||| Stepping randomly (stuck).
   922 | D:2      | 922 ||| Stepping randomly (stuck).
   923 | D:2      | 923 ||| Stepping randomly (stuck).
   924 | D:2      | 924 ||| Stepping randomly (stuck).
   925 | D:2      | 925 ||| Stepping randomly (stuck).
   926 | D:2      | 926 ||| Stepping randomly (stuck).
   927 | D:2      | 927 ||| Stepping randomly (stuck).
   928 | D:2      | 928 ||| Stepping randomly (stuck).
   929 | D:2      | 929 ||| Stepping randomly (stuck).
   930 | D:2      | 930 ||| Stepping randomly (stuck).
   931 | D:2      | 931 ||| Stepping randomly (stuck).
   932 | D:2      | 932 ||| Stepping randomly (stuck).
   933 | D:2      | 933 ||| Stepping randomly (stuck).
   934 | D:2      | 934 ||| Stepping randomly (stuck).
   935 | D:2      | 935 ||| Stepping randomly (stuck).
   936 | D:2      | 936 ||| Stepping randomly (stuck).
   937 | D:2      | 937 ||| Stepping randomly (stuck).
   938 | D:2      | 938 ||| Stepping randomly (stuck).
   939 | D:2      | 939 ||| Stepping randomly (stuck).
   940 | D:2      | 940 ||| Stepping randomly (stuck).
   941 | D:2      | 941 ||| Stepping randomly (stuck).
   942 | D:2      | 942 ||| Stepping randomly (stuck).
   943 | D:2      | 943 ||| Stepping randomly (stuck).
   944 | D:2      | 944 ||| Stepping randomly (stuck).
   945 | D:2      | 945 ||| Stepping randomly (stuck).
   946 | D:2      | 946 ||| Stepping randomly (stuck).
   947 | D:2      | 947 ||| Stepping randomly (stuck).
   948 | D:2      | 948 ||| Stepping randomly (stuck).
   949 | D:2      | 949 ||| Stepping randomly (stuck).
   950 | D:2      | 950 ||| Stepping randomly (stuck).
   951 | D:2      | 951 ||| Stepping randomly (stuck).
   952 | D:2      | 952 ||| Stepping randomly (stuck).
   953 | D:2      | 953 ||| Stepping randomly (stuck).
   954 | D:2      | 954 ||| Stepping randomly (stuck).
   955 | D:2      | 955 ||| Stepping randomly (stuck).
   956 | D:2      | 956 ||| Stepping randomly (stuck).
   957 | D:2      | 957 ||| Stepping randomly (stuck).
   958 | D:2      | 958 ||| Stepping randomly (stuck).
   959 | D:2      | 959 ||| Stepping randomly (stuck).
   960 | D:2      | 960 ||| Stepping randomly (stuck).
   961 | D:2      | 961 ||| Stepping randomly (stuck).
   962 | D:2      | 962 ||| Stepping randomly (stuck).
   963 | D:2      | 963 ||| Stepping randomly (stuck).
   964 | D:2      | 964 ||| Stepping randomly (stuck).
   965 | D:2      | 965 ||| Stepping randomly (stuck).
   966 | D:2      | 966 ||| Stepping randomly (stuck).
   967 | D:2      | 967 ||| Stepping randomly (stuck).
   968 | D:2      | 968 ||| Stepping randomly (stuck).
   969 | D:2      | 969 ||| Stepping randomly (stuck).
   970 | D:2      | 970 ||| Stepping randomly (stuck).
   971 | D:2      | 971 ||| Stepping randomly (stuck).
   972 | D:2      | 972 ||| Stepping randomly (stuck).
   973 | D:2      | 973 ||| Stepping randomly (stuck).
   974 | D:2      | 974 ||| Stepping randomly (stuck).
   975 | D:2      | 975 ||| Stepping randomly (stuck).
   976 | D:2      | 976 ||| Stepping randomly (stuck).
   977 | D:2      | 977 ||| Stepping randomly (stuck).
   978 | D:2      | 978 ||| Stepping randomly (stuck).
   979 | D:2      | 979 ||| Stepping randomly (stuck).
   980 | D:2      | 980 ||| Stepping randomly (stuck).
   981 | D:2      | 981 ||| Stepping randomly (stuck).
   982 | D:2      | 982 ||| Stepping randomly (stuck).
   983 | D:2      | 983 ||| Stepping randomly (stuck).
   984 | D:2      | 984 ||| Stepping randomly (stuck).
   985 | D:2      | 985 ||| Stepping randomly (stuck).
   986 | D:2      | 986 ||| Stepping randomly (stuck).
   987 | D:2      | 987 ||| Stepping randomly (stuck).
   988 | D:2      | 988 ||| Stepping randomly (stuck).
   989 | D:2      | 989 ||| Stepping randomly (stuck).
   990 | D:2      | 990 ||| Stepping randomly (stuck).
   991 | D:2      | 991 ||| Stepping randomly (stuck).
   992 | D:2      | 992 ||| Stepping randomly (stuck).
   993 | D:2      | 993 ||| Stepping randomly (stuck).
   994 | D:2      | 994 ||| Stepping randomly (stuck).
   995 | D:2      | 995 ||| Stepping randomly (stuck).
   996 | D:2      | 996 ||| Stepping randomly (stuck).
   997 | D:2      | 997 ||| Stepping randomly (stuck).
   998 | D:2      | 998 ||| Stepping randomly (stuck).
   999 | D:2      | 999 ||| Stepping randomly (stuck).
  1000 | D:2      | 1000 ||| Stepping randomly (stuck).
  1001 | D:2      | 1001 ||| Stepping randomly (stuck).
  1002 | D:2      | 1002 ||| Stepping randomly (stuck).
  1003 | D:2      | 1003 ||| Stepping randomly (stuck).
  1004 | D:2      | 1004 ||| Stepping randomly (stuck).
  1005 | D:2      | 1005 ||| Stepping randomly (stuck).
  1006 | D:2      | 1006 ||| Stepping randomly (stuck).
  1007 | D:2      | 1007 ||| Stepping randomly (stuck).
  1009 | D:2      | 1009 ||| Stepping randomly (stuck).
  1010 | D:2      | 1010 ||| Stepping randomly (stuck).
  1011 | D:2      | 1011 ||| Stepping randomly (stuck).
  1012 | D:2      | 1012 ||| Stepping randomly (stuck).
  1013 | D:2      | 1013 ||| Stepping randomly (stuck).
  1014 | D:2      | 1014 ||| Stepping randomly (stuck).
  1015 | D:2      | 1015 ||| Stepping randomly (stuck).
  1016 | D:2      | 1016 ||| Stepping randomly (stuck).
  1017 | D:2      | 1017 ||| Stepping randomly (stuck).
  1018 | D:2      | 1018 ||| Stepping randomly (stuck).
  1019 | D:2      | 1019 ||| Stepping randomly (stuck).
  1020 | D:2      | 1020 ||| Stepping randomly (stuck).
  1021 | D:2      | 1021 ||| Stepping randomly (stuck).
  1022 | D:2      | 1022 ||| Stepping randomly (stuck).
  1023 | D:2      | 1023 ||| Stepping randomly (stuck).
  1024 | D:2      | 1024 ||| Stepping randomly (stuck).
  1025 | D:2      | 1025 ||| Stepping randomly (stuck).
  1026 | D:2      | 1026 ||| Stepping randomly (stuck).
  1027 | D:2      | 1027 ||| Stepping randomly (stuck).
  1028 | D:2      | 1028 ||| Stepping randomly (stuck).
  1401 | D:1      | 1401 ||| UPGRADING to +0 ring mail.
  1411 | D:1      | 1411 ||| DROPPING +0 leather armour.
  1412 | D:1      | 1412 ||| DRINKING 2 fizzy red potions.
  1613 | D:2      | Reached skill level 1 in Armour
  1713 | D:2      | 1713 ||| Stepping ~*~*~tactically~*~*~ (outnumbered).
  1715 | D:2      | 1715 ||| Stepping ~*~*~tactically~*~*~ (outnumbered).
  1717 | D:2      | 1717 ||| Stepping ~*~*~tactically~*~*~ (outnumbered).
  1909 | D:2      | Found a broken altar of Ashenzari.
  1954 | D:2      | Found a runed translucent door.
  1955 | D:2      | Noticed Crazy Yiuf
  2036 | D:2      | 2036 ||| READING scroll labelled ONIROU QEVVERCH.
  2036 | D:2      | Identified a scroll of acquirement
  2036 | D:2      | 2036 ||| ACQUIRING 1009 gold pieces
  2036 | D:2      | Acquired 1009 gold pieces
  2038 | D:2      | 2038 ||| READING scroll labelled KYUMEOMN TOMIO.
  2139 | D:2      | 2139 ||| DRINKING 2 golden potions.
  2140 | D:2      | 2140 ||| READING 3 scrolls of identify.
  2140 | D:2      | 2140 ||| IDENTIFYING glowing amethyst potion
  2141 | D:2      | 2141 ||| READING 2 scrolls of identify.
  2141 | D:2      | 2141 ||| IDENTIFYING glowing orange potion
  2142 | D:2      | 2142 ||| DROPPING potion of invisibility.
  2368 | D:3      | Reached XP level 4. HP: 26/26 MP: 5/5
  2648 | D:3      | Reached skill level 4 in Ranged Weapons
  2660 | D:3      | Found a transporter.
  2726 | D:3      | Found a transporter.
  2736 | D:3      | Noticed qw's ghost (weakling GrHs)
  2902 | D:3      | 2902 ||| UPGRADING to ring of positive energy.
  2903 | D:3      | 2903 ||| READING scroll labelled UNYDASYTH UPLE.
  2904 | D:3      | 2904 ||| DRINKING 2 amethyst potions.
  2905 | D:3      | 2905 ||| READING 3 scrolls of identify.
  2905 | D:3      | 2905 ||| IDENTIFYING brown potion
  2906 | D:3      | 2906 ||| READING 2 scrolls of identify.
  2906 | D:3      | 2906 ||| IDENTIFYING murky golden potion
  2907 | D:3      | 2907 ||| DROPPING potion of attraction.
  2934 | D:4      | Noticed Robin
  2935 | D:4      | 2935 ||| PLANNING SEWER
  2940 | D:4      | 2940 ||| STAIRDANCE
  2949 | D:3      | Killed Robin
  2949 | D:3      | HP: 6/26 [goblin/+0 club[Robin] (1)]
  2950 | D:3      | 2950 ||| READING 2 scrolls of teleportation.
  2951 | D:3      | 2951 ||| DRINKING potion of heal wounds.
  3004 | D:3      | 3004 ||| UPGRADING to +2 animal skin.
  3014 | D:3      | 3014 ||| DROPPING +0 ring mail.
  3020 | D:4      | 3020 ||| STAIRDANCE
  3026 | D:3      | Reached XP level 5. HP: 23/30 MP: 6/6
  3129 | D:4      | Found a glowing drain.
  3173 | D:4      | Reached skill level 5 in Ranged Weapons
  3215 | Sewer    | Entered a sewer
  3251 | Sewer    | Noticed Pargi
  3252 | Sewer    | 3252 ||| Stepping ~*~*~tactically~*~*~ (water).
  3264 | Sewer    | HP: 5/30 [Pargi (6)]
  3265 | Sewer    | 3265 ||| READING scroll of teleportation.
  3267 | Sewer    | HP: 1/30 [Pargi (2)]
  3268 | Sewer    | Killed Pargi
  3269 | Sewer    | Reached skill level 3 in Fighting
  3269 | Sewer    | Reached XP level 6. HP: 2/38 MP: 7/7
  3270 | Sewer    | 3270 ||| FLEEEEING.
  3433 | Sewer    | 3433 ||| Stepping ~*~*~tactically~*~*~ (water).
  3509 | Sewer    | 3509 ||| READING scroll labelled CUEXAL ZEECUEN.
  3510 | Sewer    | 3510 ||| READING 2 scrolls labelled AMUSKA ZONAUDGH.
  3511 | Sewer    | 3511 ||| DRINKING 2 viscous amethyst potions.
  3512 | Sewer    | 3512 ||| DROPPING scroll of fear.
  3513 | Sewer    | 3513 ||| DROPPING potion of magic.
  3518 | D:4      | 3518 ||| PLANNING D:1-11
  3606 | D:4      | 3606 ||| READING scroll of acquirement.
  3606 | D:4      | 3606 ||| ACQUIRING +11 longbow "Lesear Qofa" {heavy, Will+
                  | Str-4 Dex+2 SInv}
  3606 | D:4      | Acquired the +11 longbow "Lesear Qofa" {heavy, Will+ Str-4
                  | Dex+2 SInv}
  3608 | D:4      | 3608 ||| SWAPPING to +11 longbow "Lesear Qofa" {heavy,
                  | Will+ Str-4 Dex+2 SInv}.
  3609 | D:4      | 3609 ||| DROPPING +2 sling.
  3624 | D:4      | Found a sacrificial altar of Ru.
  3738 | D:4      | Found a staircase to the Ecumenical Temple.
  3739 | D:4      | 3739 ||| PLANNING TEMPLE
  3739 | D:4      | 3739 ||| UPGRADING to +2 pair of boots.
  3744 | D:4      | 3744 ||| READING scroll labelled CAXUECL UFUTOU.
  3753 | Temple   | Entered the Ecumenical Temple
  3770 | Temple   | 3770 ||| PLANNING OKAWARU WORSHIP
  3949 | Temple   | Became a worshipper of Warmaster Okawaru
  3950 | Temple   | 3950 ||| PLANNING D:1-11
  4049 | D:4      | 4049 ||| READING scroll labelled XUTASO HORRI.
  4058 | D:5      | Entered Level 5 of the Dungeon
  4150 | D:5      | Found an ornate altar of the Wu Jian Council.
  4234 | D:5      | Noticed a black bear
  4237 | D:5      | Killed a black bear
  4238 | D:5      | Reached skill level 6 in Ranged Weapons
  4238 | D:5      | Reached XP level 7. HP: 42/42 MP: 8/8
  4515 | D:6      | Found Masmipt's General Store.
  4530 | D:6      | 4530 ||| BUYING +2 helmet (181 gold).
  4530 | D:6      | Bought a +2 helmet for 181 gold pieces
  4530 | D:6      | 4530 ||| BUYING potion of curing (33 gold).
  4530 | D:6      | Bought a potion of curing for 33 gold pieces
  4545 | D:6      | Reached skill level 7 in Ranged Weapons
  4560 | D:6      | Noticed a wyvern
  4562 | D:6      | Killed a wyvern
  4562 | D:6      | Reached * piety under Okawaru
  4576 | D:6      | Reached skill level 1 in Invocations
  4585 | D:6      | Found a shadowy altar of Dithmenos.
  4625 | D:6      | Found a shimmering altar of Xom.
  4626 | D:6      | 4626 ||| INVOKING Heroism.
  4631 | D:6      | Reached XP level 8. HP: 40/48 MP: 6/9
  4661 | D:6      | Found a shimmering altar of Xom.
  4662 | D:6      | Found a shimmering altar of Xom.
  4663 | D:6      | Found a shimmering altar of Xom.
  4785 | D:6      | 4785 ||| INVOKING Heroism.
  4788 | D:6      | Reached skill level 3 in Invocations
  4868 | D:6      | Reached skill level 8 in Ranged Weapons
  4876 | D:6      | Found a burning altar of Makhleb.
  4885 | D:6      | Reached ** piety under Okawaru
  5078 | D:6      | 5078 ||| UPGRADING to +2 helmet.
  5088 | D:6      | 5088 ||| DROPPING +1 helmet.
  5089 | D:6      | 5089 ||| UPGRADING to +1 ring mail of willpower.
  5099 | D:6      | 5099 ||| DROPPING +2 animal skin.
  5195 | D:7      | Reached XP level 9. HP: 54/54 MP: 12/12
  5244 | D:7      | Reached skill level 9 in Ranged Weapons
  5473 | D:7      | Noticed a hornet
  5474 | D:7      | Killed a hornet
  5475 | D:7      | Reached skill level 6 in Fighting
  5642 | D:7      | 5642 ||| READING 2 scrolls of identify.
  5642 | D:7      | 5642 ||| IDENTIFYING bubbling puce potion
  5643 | D:7      | 5643 ||| DROPPING potion of ambrosia.
  5679 | D:8      | Reached *** piety under Okawaru
  5680 | D:8      | Reached skill level 3 in Armour
  5681 | D:8      | 5681 ||| STAIRDANCE
  5685 | D:7      | 5685 ||| INVOKING Heroism.
  5746 | D:8      | 5746 ||| STAIRDANCE
  5749 | D:7      | Reached skill level 10 in Ranged Weapons
  5794 | D:8      | 5794 ||| STAIRDANCE
  5880 | D:8      | Noticed Grum
  5881 | D:8      | 5881 ||| INVOKING Heroism.
  5886 | D:8      | Reached XP level 10. HP: 61/63 MP: 10/13
  5896 | D:8      | Reached skill level 11 in Ranged Weapons
  5896 | D:8      | HP: 15/63 [wight/+3 morningstar (8)]
  5897 | D:8      | 5897 ||| READING 3 scrolls of teleportation.
  5897 | D:8      | HP: 5/63 [wight/+3 morningstar (9)]
  5897 | D:8      | Slain by Grum

Levels and vault maps discovered:
D:1:      evilmike_arrival_rings, layout_basic, nicolae_titane
D:2:      layout_loops_cross, basic_altar, uniq_crazy_yiuf_cottage
D:3:      layout_loops_ring, gammafunk_ghost_gnarly_gnolls, serial_glass,
          glass_columns_b, glass_columns_a, glass_columns_c, glass_columns_a
D:4:      layout_rooms, mainiacjoe_overflow_alcove_2,
          minmay_temple_entry_steel_oval, gup_sewer_entry_glass,
          chequers_serial_rivers_micro_c, uniq_robin
D:5:      layout_gridville, general_overflow_altar
D:6:      layout_gridville, xom_redecorated, lemuel_tele_altar,
          lemuel_doored_altar, serial_shops, nicolae_shop_statue_plus
D:7:      layout_gridville, serial_bayou_lagoon_a
D:8:      layout_basic, ebering_ghost_gozag, uniq_maggie, uniq_grum, uniq_pikel
Temple:   bh_familiar_temple

Skill      XL: |  1  2  3  4  5  6  7  8  9 10 |
---------------+-------------------------------+-----
Ranged Weapons | 3 4 5 6 7 8 10 11 | 11.0
Fighting       | 2 3 4 5 7 |  7.3
Armour         | 1 2 3 |  3.3
Dodging        | 2 |  2.9
Invocations    | 2 4 |  4.1
Spellcasting   | |  1.0
Hexes          | |  2.6

Action                     |  1- 3 |  4- 6 |  7- 9 | 10-12 || total
---------------------------+-------+-------+-------+-------++-------
   Fire: Sling             |   111 |   152 |       |       ||   263
         Longbow           |       |    18 |    87 |    11 ||   116
 Invoke: Heroism           |       |       |     4 |       ||     4
    Use: Scroll            |     7 |    10 |     1 |     1 ||    19
         Potion            |     3 |     3 |       |       ||     6
 Armour: Leather armour    |     5 |       |       |       ||     5
         Ring mail         |    29 |    38 |    36 |    14 ||   117
         Animal skin       |       |    73 |     8 |       ||    81
  Dodge: Dodged            |    28 |   138 |    69 |    38 ||   273

Table legend:
 A = Non-vault XP
 B = Vault XP
 C = Vault XP percentage of total XP
 D = Non-vault monster count
 E = Vault monster count
 F = Vault count percentage of total count
                 A         B        C        D         E       F
            +---------+---------+-------+---------+---------+-------
      Total |    4300 |     686 |  13.8 |     108 |      27 |  20.0
            +---------+---------+-------+---------+---------+-------
        D:1 |      21 |       0 |   0.0 |      11 |       0 |   0.0
        D:2 |      47 |       0 |   0.0 |      12 |       0 |   0.0
        D:3 |      64 |      33 |  34.0 |      20 |      10 |  33.3
        D:4 |      52 |      43 |  45.3 |       9 |       5 |  35.7
        D:5 |     395 |       0 |   0.0 |      17 |       0 |   0.0
        D:6 |    1308 |       0 |   0.0 |      20 |       0 |   0.0
        D:7 |    2062 |       0 |   0.0 |      16 |       0 |   0.0
        D:8 |     351 |     455 |  56.5 |       3 |       4 |  57.1
      Sewer |       0 |     155 | 100.0 |       0 |       8 | 100.0
            +---------+---------+-------+---------+---------+-------
